AAA WEST
ROUND ROCK EXPRESS @ EL PASO CHIHUAHUAS
05/12/2042
 
TOP OF THE 1ST
Round Rock Express batting - Pitching for El Paso Chihuahuas : RHP Dave Potter
Pitching: RHP Dave Potter
Batting: RHB Alex Crowe 0-0: SINGLE (Groundball, 6MD, EV 105.0 MPH)
Batting: LHB Kieran Wright 0-0: Sac Bunt to 5S - play at first, batter OUT! 5-3
Alex Crowe to second
Batting: LHB Greg Ibáñez 0-0: SINGLE (Groundball, 4D, EV 108.8 MPH)
Alex Crowe to third
Batting: RHB Ken Hanson Pickoff Throw to First - Out! 1-3
0-0: SINGLE (Line Drive, 56D, EV 95.0 MPH)
Alex Crowe scores
Batting: LHB Jim Unknown 0-0: Called Strike
0-1: Ball
Ken Hanson is caught stealing 2nd base 2-6
Top of the 1st over - 1 run, 3 hits, 0 errors, 0 left on base; Round Rock 1 - El Paso 0
BOTTOM OF THE 1ST
El Paso Chihuahuas batting - Pitching for Round Rock Express : RHP Gregorio Torena
Pitching: RHP Gregorio Torena
Batting: RHB Jung-jun Moon 0-0: Ball
1-0: Ball
2-0: Ball
3-0: Base on Balls
Batting: LHB Freddy Newton 0-0: Ball
1-0: Bunt - Flyout to 3S! F3
Batting: LHB Gene Norman 0-0: Ball
1-0: Ball
2-0: Ball
3-0: Called Strike
3-1: Grounds into double play, 4-6-3 (Groundball, 4, EV 90.6 MPH)
Bottom of the 1st over - 0 runs, 0 hits, 0 errors, 0 left on base; Round Rock 1 - El Paso 0
TOP OF THE 2ND
Round Rock Express batting - Pitching for El Paso Chihuahuas : RHP Dave Potter
Batting: LHB Jim Unknown 0-0: Ball
1-0: Ground out 6-3 (Groundball, 6M, EV 102.5 MPH)
Batting: RHB Jim Unknown 0-0: Called Strike
0-1: Ball
1-1: Foul Ball, location: 2F
1-2: Foul Ball, location: 2F
1-2: Foul Ball, location: 2F
1-2: Ball
2-2: Fly out, F9 (Line Drive, 89M, EV 98.8 MPH)
Batting: LHB Jim Unknown 0-0: Called Strike
0-1: Ball
1-1: Ball
2-1: Ball
3-1: Called Strike
3-2: Foul Ball, location: 2F
3-2: Foul Ball, location: 5SF
3-2: Foul Ball, location: 7LMF
3-2: Strikes out swinging
Top of the 2nd over - 0 runs, 0 hits, 0 errors, 0 left on base; Round Rock 1 - El Paso 0
BOTTOM OF THE 2ND
El Paso Chihuahuas batting - Pitching for Round Rock Express : RHP Gregorio Torena
Batting: RHB Luis Miguel Ortíz 0-0: Ball
1-0: Called Strike
1-1: Fly out, F5 (Popup, 56S, EV 88.1 MPH)
Batting: LHB Ignacio Villa 0-0: Ground out 4-3 (Groundball, 4, EV 95.6 MPH)
Batting: RHB José Beltrán 0-0: Called Strike
0-1: Ball
1-1: Ground out 6-3 (Groundball, 56D, EV 104.4 MPH)
Bottom of the 2nd over - 0 runs, 0 hits, 0 errors, 0 left on base; Round Rock 1 - El Paso 0
TOP OF THE 3RD
Round Rock Express batting - Pitching for El Paso Chihuahuas : RHP Dave Potter
Batting: RHB Jim Unknown 0-0: Ball
1-0: Ball
2-0: Ball
3-0: Called Strike
3-1: Fly out, F8 (Line Drive, 8LM, EV 85.0 MPH)
Batting: SHB Jim Unknown 0-0: Ball
1-0: Ball
2-0: Foul Ball, location: 2F
2-1: Ball
3-1: Swinging Strike
3-2: Foul Ball, location: 5FF
3-2: Strikes out looking
Batting: RHB Alex Crowe 0-0: Called Strike
0-1: Called Strike
0-2: Ball
1-2: Ground out U3 (Groundball, 34, EV 80.6 MPH)
Top of the 3rd over - 0 runs, 0 hits, 0 errors, 0 left on base; Round Rock 1 - El Paso 0
BOTTOM OF THE 3RD
El Paso Chihuahuas batting - Pitching for Round Rock Express : RHP Gregorio Torena
Batting: LHB Johann Sorely 0-0: Ball
1-0: Foul Ball, location: 25F
1-1: Called Strike
1-2: Ball
2-2: Fly out, F8 (Flyball, 8LXD, EV 110.6 MPH)
Batting: RHB Jeff Wright 0-0: Foul Ball, location: 23FF
0-1: Ball
1-1: Swinging Strike
1-2: SINGLE (Line Drive, 7LS, EV 93.8 MPH)
Batting: LHB Greg Greene 0-0: Called Strike
0-1: Ball
1-1: Foul Ball, location: 5F
1-2: Ball
2-2: Foul Ball, location: 3FF
2-2: Ball
3-2: Strikes out swinging
Batting: RHB Jung-jun Moon 0-0: Foul Ball, location: 5FF
0-1: SINGLE (Groundball, 4M, EV 108.8 MPH) (infield hit)
Jeff Wright to second
Batting: LHB Freddy Newton 0-0: Ball
1-0: Called Strike
1-1: Ball
2-1: Ball
3-1: Called Strike
3-2: SINGLE (Groundball, 6MD, EV 96.9 MPH)
Jeff Wright to third
Jung-jun Moon to second
Jeff Wright scores
Jung-jun Moon to third
Batting: LHB Gene Norman 0-0: Called Strike
0-1: Foul Ball, location: 2RF
0-2: Strikes out swinging
Bottom of the 3rd over - 1 run, 3 hits, 0 errors, 2 left on base; Round Rock 1 - El Paso 1
TOP OF THE 4TH
Round Rock Express batting - Pitching for El Paso Chihuahuas : RHP Dave Potter
Batting: LHB Kieran Wright 0-0: Ball
1-0: Called Strike
1-1: Swinging Strike
1-2: Ball
2-2: Foul Ball, location: 2F
2-2: Strikes out swinging
Batting: LHB Greg Ibáñez 0-0: TRIPLE (Line Drive, 89XD, EV 108.8 MPH)
Batting: RHB Ken Hanson 0-0: Foul Ball, location: 9LSF
0-1: Ball
1-1: Ball
2-1: Foul Ball, location: 5FF
2-2: Ball
3-2: SINGLE (Groundball, 6MD, EV 93.8 MPH)
Greg Ibáñez scores
Batting: LHB Jim Unknown 0-0: Swinging Strike
0-1: Swinging Strike
0-2: Fly out, F8 (Line Drive, 8LM, EV 105.0 MPH)
Batting: RHB Jim Unknown 0-0: Fielders Choice at 2nd, 6-4 (Groundball, 6, EV 102.5 MPH)
Top of the 4th over - 1 run, 2 hits, 0 errors, 1 left on base; Round Rock 2 - El Paso 1
BOTTOM OF THE 4TH
El Paso Chihuahuas batting - Pitching for Round Rock Express : RHP Gregorio Torena
Batting: RHB Luis Miguel Ortíz 0-0: Called Strike
0-1: SINGLE (Line Drive, 34D, EV 98.1 MPH)
Batting: LHB Ignacio Villa 0-0: Called Strike
0-1: Grounds into double play, 4-6-3 (Groundball, 4S, EV 82.5 MPH)
Batting: RHB José Beltrán 0-0: Called Strike
0-1: Ground out 4-3 (Groundball, 34, EV 96.3 MPH)
Bottom of the 4th over - 0 runs, 1 hit, 0 errors, 0 left on base; Round Rock 2 - El Paso 1
TOP OF THE 5TH
Round Rock Express batting - Pitching for El Paso Chihuahuas : RHP Dave Potter
Batting: LHB Jim Unknown 0-0: Ball
1-0: Ball
2-0: Called Strike
2-1: Ball
3-1: Base on Balls
Batting: RHB Jim Unknown 0-0: Sac Bunt to 23 - play at first, batter OUT! 3-4
Jim Unknown to second
Batting: SHB Jim Unknown 0-0: Ball
1-0: Called Strike
1-1: Ball
2-1: Ground out 6-3 (Groundball, 6D, EV 97.5 MPH)
Jim Unknown to third
Batting: RHB Alex Crowe 0-0: Ball
1-0: Ball
2-0: Called Strike
2-1: Foul Ball, location: 9LSF
2-2: SINGLE (Groundball, 3S, EV 85.0 MPH)
Jim Unknown scores
Batting: LHB Kieran Wright 0-0: Ball
1-0: Swinging Strike
1-1: Ground out 5-3 (Groundball, 56S, EV 92.5 MPH)
Top of the 5th over - 1 run, 1 hit, 0 errors, 1 left on base; Round Rock 3 - El Paso 1
BOTTOM OF THE 5TH
El Paso Chihuahuas batting - Pitching for Round Rock Express : RHP Gregorio Torena
Batting: LHB Johann Sorely 0-0: Ball
1-0: Foul Ball, location: 5DF
1-1: Ball
2-1: Foul Ball, location: 2F
2-2: Fly out, F7 (Flyball, 7D, EV 101.9 MPH)
Batting: RHB Jeff Wright 0-0: Swinging Strike
0-1: Ball
1-1: Called Strike
1-2: DOUBLE (Groundball, 5L, EV 110.6 MPH)
Batting: LHB Greg Greene 0-0: Ball
1-0: Called Strike
1-1: Ground out U3 (Groundball, 3, EV 100.0 MPH)
Jeff Wright to third
Batting: RHB Jung-jun Moon 0-0: Ball
1-0: Foul Ball, location: 25F
1-1: Foul Ball, location: 2RF
1-2: Ground out 5-3 (Groundball, 56, EV 90.0 MPH)
Bottom of the 5th over - 0 runs, 1 hit, 0 errors, 1 left on base; Round Rock 3 - El Paso 1
TOP OF THE 6TH
Round Rock Express batting - Pitching for El Paso Chihuahuas : RHP Dave Potter
Batting: LHB Greg Ibáñez 0-0: Called Strike
0-1: Swinging Strike
0-2: Foul Ball, location: 3SF
0-2: Ball
1-2: Ground out 1-3 (Groundball, 23, EV 68.8 MPH)
Batting: RHB Ken Hanson 0-0: Fly out, F9 (Flyball, 9LD, EV 111.9 MPH)
Batting: LHB Jim Unknown 0-0: Called Strike
0-1: Ball
1-1: Swinging Strike
1-2: Strikes out looking
Top of the 6th over - 0 runs, 0 hits, 0 errors, 0 left on base; Round Rock 3 - El Paso 1
BOTTOM OF THE 6TH
El Paso Chihuahuas batting - Pitching for Round Rock Express : RHP Gregorio Torena
Batting: LHB Freddy Newton 0-0: Ball
1-0: Called Strike
1-1: Ball
2-1: Swinging Strike
2-2: Foul Ball, location: 2F
2-2: Fly out, F8 (Flyball, 8RD, EV 95.6 MPH)
Batting: LHB Gene Norman 0-0: Ball
1-0: Ball
2-0: Ball
3-0: Called Strike
3-1: Base on Balls
Batting: RHB Luis Miguel Ortíz 0-0: Foul Ball, location: 2F
0-1: Ball
1-1: Grounds into double play, 6-4-3 (Groundball, 6, EV 85.0 MPH)
Bottom of the 6th over - 0 runs, 0 hits, 0 errors, 0 left on base; Round Rock 3 - El Paso 1
TOP OF THE 7TH
Round Rock Express batting - Pitching for El Paso Chihuahuas : RHP Dave Potter
Batting: RHB Jim Unknown 0-0: Fly out, F7 (Line Drive, 7, EV 88.1 MPH)
Batting: LHB Jim Unknown 0-0: Ground out 5-3 (Groundball, 5L, EV 84.4 MPH)
Batting: RHB Jim Unknown 0-0: Foul Ball, location: 7LSFF
0-1: Foul Ball, location: 9LSF
0-2: Foul Ball, location: 5F
0-2: Ball
1-2: Fly out, F7 (Line Drive, 78M, EV 93.1 MPH)
Top of the 7th over - 0 runs, 0 hits, 0 errors, 0 left on base; Round Rock 3 - El Paso 1
BOTTOM OF THE 7TH
El Paso Chihuahuas batting - Pitching for Round Rock Express : RHP Gregorio Torena
Batting: LHB Ignacio Villa 0-0: Ground out 4-3 (Groundball, 4, EV 98.8 MPH)
Batting: RHB José Beltrán 0-0: Ball
1-0: Called Strike
1-1: Ground out U3 (Groundball, 34, EV 94.4 MPH)
Batting: LHB Johann Sorely 0-0: Called Strike
0-1: Ball
1-1: Ball
2-1: Fly out, F8 (Flyball, 89M, EV 93.1 MPH)
Bottom of the 7th over - 0 runs, 0 hits, 0 errors, 0 left on base; Round Rock 3 - El Paso 1
TOP OF THE 8TH
Round Rock Express batting - Pitching for El Paso Chihuahuas : RHP Dave Potter
Batting: SHB Jim Unknown 0-0: Swinging Strike
0-1: Foul Ball, location: 23F
0-2: Strikes out swinging
Batting: RHB Alex Crowe 0-0: Ball
1-0: Ball
2-0: Ball
3-0: Called Strike
3-1: Called Strike
3-2: Strikes out swinging
Batting: LHB Kieran Wright 0-0: Called Strike
0-1: Called Strike
0-2: Ball
1-2: Ball
2-2: SINGLE (Flyball, 3D, EV 91.3 MPH)
Pitching: RHP Jim Alexander
Batting: LHB Greg Ibáñez 0-0: DOUBLE (Line Drive, 9LM, EV 106.3 MPH)
Kieran Wright to third
Runner from 3rd tries for Home, SAFE, no throw by RF
Batting: RHB Ken Hanson 0-0: Ball
1-0: Ball
2-0: Called Strike
2-1: Foul Ball, location: 5F
2-2: Strikes out swinging
Top of the 8th over - 1 run, 2 hits, 0 errors, 1 left on base; Round Rock 4 - El Paso 1
BOTTOM OF THE 8TH
El Paso Chihuahuas batting - Pitching for Round Rock Express : RHP Gregorio Torena
Batting: RHB Jeff Wright 0-0: Ground out 5-3 (Groundball, 56, EV 109.4 MPH)
Batting: LHB Greg Greene 0-0: Ball
1-0: Called Strike
1-1: Foul Ball, location: 2F
1-2: Ball
2-2: Foul Ball, location: 3F
2-2: Foul Ball, location: 3F
2-2: Ball
3-2: Fly out, F8 (Flyball, 8RM, EV 97.5 MPH)
Batting: RHB Jung-jun Moon 0-0: Ball
1-0: Ground out 5-3 (Groundball, 56, EV 103.1 MPH)
Bottom of the 8th over - 0 runs, 0 hits, 0 errors, 0 left on base; Round Rock 4 - El Paso 1
TOP OF THE 9TH
Round Rock Express batting - Pitching for El Paso Chihuahuas : RHP Jim Alexander
Batting: LHB Jim Unknown 0-0: Called Strike
0-1: Foul Ball, location: 2F
0-2: Strikes out swinging
Batting: LHB Jim Unknown 0-0: Ball
1-0: Fly out, F6 (Popup, 15, EV 90.6 MPH)
Batting: LHB Jim Unknown 0-0: Called Strike
0-1: Ball
1-1: Called Strike
1-2: Fly out, F7 (Flyball, 7D, EV 84.4 MPH)
Top of the 9th over - 0 runs, 0 hits, 0 errors, 0 left on base; Round Rock 4 - El Paso 1
BOTTOM OF THE 9TH
El Paso Chihuahuas batting - Pitching for Round Rock Express : RHP Gregorio Torena
Pitching: RHP Tim Stevens
Batting: LHB Freddy Newton 0-0: Foul Ball, location: 5FF
0-1: Fly out, F8 (Flyball, 8LM, EV 90.0 MPH)
Batting: LHB Gene Norman 0-0: Called Strike
0-1: Ground out U3 (Groundball, 34S, EV 91.3 MPH)
Pinch Hitting: LHB César Guzmán 0-0: Ball
1-0: Called Strike
1-1: Foul Ball, location: 7LMF
1-2: Ball
2-2: Fly out, F9 (Flyball, 9, EV 90.6 MPH)
Bottom of the 9th over - 0 runs, 0 hits, 0 errors, 0 left on base; Round Rock 4 - El Paso 1
Wednesday, May 1st , 2024 - OOTP Baseball 24.10 Build 82